 Dungeon Crawl Stone Soup version 0.20-a0-522-g0b37eee (webtiles) character file.

48 Gord the Firebug (level 3, 0/26 HPs)
             Began as a Draconian Fire Elementalist on Jan 25, 2017.
             Succumbed to an adder's poison
             ... on level 2 of the Dungeon.
             The game lasted 00:04:56 (745 turns).

Gord the Firebug (Draconian Fire Elementalist)       Turns: 745, Time: 00:04:56

Health: 0/26       AC:  5    Str: 10    XL:     3   Next: 50%
Magic:  5/6        EV: 12    Int: 16    God:
Gold:   48         SH:  0    Dex: 11    Spells: 5/6 levels left

rFire    . . .     SeeInvis .   h - +2 mace (crush)
rCold    . . .     Gourm    .   (armour unavailable)
rNeg     . . .     Faith    .   (no shield)
rPois    .         Spirit   .   (helmet restricted)
rElec    .         Reflect  .   (no cloak)
rCorr    .         Harm     .   (no gloves)
MR       .....                  (no boots)
Stlth    ++........             (no amulet)
Regen    0.1/turn               (no ring)
                                (no ring)

@: lethally poisoned (0 -> -10), very slightly contaminated, invisible
A: unfitting armour, cold-blooded, AC +5
a: no special abilities


You were on level 2 of the Dungeon.
You were not hungry.

You visited 1 branch of the dungeon, and saw 2 of its levels.

You collected 48 gold pieces.

Inventory:

Hand Weapons
 e - a +0 spear
 h - a +2 mace of crushing (weapon)
Armour
 f - a +0 robe
Scrolls
 i - a scroll of fog {unknown}
 j - a scroll of identify {unknown}
 l - a scroll of blinking {unknown}
 m - a scroll of magic mapping {unknown}
Potions
 d - a potion of curing {unknown}
Books
 a - a book of Flames

   Spells                             Type                      Level
   a - Flame Tongue                   Conjuration/Fire             1
   b - Throw Flame                    Conjuration/Fire             2
   c - Conjure Flame                  Conjuration/Fire             3
   d - Inner Flame                    Hexes/Fire                   3
   e - Sticky Flame                   Conjuration/Fire             4
   f - Fireball                       Conjuration/Fire             5
Comestibles
 b - a bread ration
 g - a chunk of flesh
 k - a meat ration


   Skills:
 + Level 0.2 Fighting
 + Level 1.1 Maces & Flails
 + Level 0.6 Polearms
 + Level 2.1 Dodging
 + Level 2.1 Stealth
 + Level 2.2 Spellcasting
 + Level 1.1 Conjurations
 + Level 3.4 Fire Magic


You had 5 spell levels left.
You knew the following spells:

 Your Spells              Type           Power        Failure   Level  Hunger
a - Flame Tongue          Conj/Fire      #....        10%         1    #......


Dungeon Overview and Level Annotations

Branches:
Dungeon (1/15)

Altars:


Innate Abilities, Weirdness & Mutations

Your plain brown scales are hard. (AC +5)
You cannot fit into any form of body armour.
You are cold-blooded and may be slowed by cold attacks.


Message History

Aim: an adder The flame tongue misses the adder.
* * * LOW HITPOINT WARNING * * *
You feel sick. The adder bites you.
* * * LOW HITPOINT WARNING * * *
You are more poisoned.
The adder poisons you! The adder closely misses you.
You miss the adder.
* * * LOW HITPOINT WARNING * * *
You feel sick. The adder bites you.
* * * LOW HITPOINT WARNING * * *
The adder barely misses you.
It was a potion of invisibility.
You fade into invisibility!
* * * LOW HITPOINT WARNING * * *
You feel sick. The adder closely misses you.
You are very lightly contaminated with residual magic.
You hit the adder. You tail-slap the adder.
You kill the adder!
You die...

##########
#........#
#........#
####........#####
.................
####....@†).#####
#....†........
#........####.
#..........
#.........#.#
......####.# #
#......# .#
....... .#


There were no monsters in sight!

Vanquished Creatures
  2 adders (D:2)
  An ooze (D:1)
  A dart slug (D:1)
  4 bats (D:1)
  2 giant cockroaches (D:1)
  4 goblins (D:1)
  3 hobgoblins (D:1)
  2 kobolds
  A ball python (D:1)
  3 rats (D:1)
23 creatures vanquished.

Notes
Turn   | Place    | Note
-------+----------+-------------------------------------------
     0 | D:1      | Gord the Draconian Fire Elementalist began the quest for the Orb.
     0 | D:1      | Reached XP level 1. HP: 14/14 MP: 3/3
   201 | D:1      | Reached XP level 2. HP: 18/20 MP: 3/5
   604 | D:1      | Reached XP level 3. HP: 21/26 MP: 6/6
   730 | D:1      | You fall through a shaft!
   739 | D:2      | Reached skill level 1 in Maces & Flails
   743 | D:2      | HP: 1/26 [adder (1)]
   745 | D:2      | Succumbed to an adder's poison

Vault maps used:
D:1:      roderic_dead_forest

Skill      XL: |  1  2  3 |
---------------+----------+-----
Stealth        | 2 |  2.1
Maces & Flails | 1 |  1.1
Dodging        | 2 |  2.1
Fighting       | |  0.2
Polearms       | |  0.6
Spellcasting   | |  2.2
Conjurations   | |  1.1
Fire Magic     | |  3.4

Action                   || total
-------------------------++-------
Melee: Spear             ||    13
       Unarmed           ||     1
       Mace              ||    41
       Tailslap          ||     3
 Cast: Flame Tongue      ||    11
  Use: Potion            ||     1
Armor: Skin              ||    48
Dodge: Dodged            ||    97
